 Dungeon Crawl Stone Soup version 0.31.0-11-ge490571c62 (webtiles) character file.

Game seed: 13208891570828724179

905 Edyrem the Changeling (level 8, -1/60 HPs)
             Began as a Merfolk Shapeshifter on Feb 6, 2024.
             Slain by a gnoll sergeant
             ... wielding a +5 spear of venom
              (7 damage)
             ... on level 6 of the Dungeon.
             The game lasted 00:10:17 (4762 turns).

Edyrem the Changeling (Merfolk Shapeshifter)        Turns: 4762, Time: 00:10:18

Health: -1/60      AC:  7    Str: 16    XL:     8   Next: 8%
Magic:  8/8        EV: 12    Int: 10    God:
Gold:   277        SH:  0    Dex: 13    Spells: 6/7 levels left

rFire   . .          .
                       - Unarmed
rCold   . . .        (no shield)
rNeg    + . .        t - +2 ring mail of Wuin Coe {rCorr SInv}
rPois   +            (helmet currently unavailable)
rElec   .            o - melded +0 cloak
rCorr   +            n - melded +0 pair of gloves
SInv    +            (boots currently unavailable)
Will    .....        (no amulet)
Stlth   +            g - ring of poison resistance
HPRegen 0.30/turn    q - ring of positive energy
MPRegen 0.11/turn

%: no passive effects
@: beast-form
A: beast (slay +4), (nimble swimmer 2), mertail
a: Begin Untransformation


You were on level 6 of the Dungeon.
You were a hulking beast.
You visited 2 branches of the dungeon, and saw 7 of its levels.

You collected 277 gold pieces.

Inventory:

Hand Weapons
 a - a +0 orcbow
 u - a +2 dagger of holy wrath
 z - a +0 morningstar
 I - a +0 antimagic trident
Missiles
 e - a throwing net (quivered)
Armour
 n - a +0 pair of gloves (melded)
 o - a +0 cloak (melded)
 t - the +2 ring mail of Wuin Coe (worn) {rCorr SInv}
   (You found it on level 2 of the Dungeon)

   SInv:      It lets you see invisible.
   rCorr:     It protects you from acid and corrosion.
 D - a +0 animal skin
 G - a +0 plate armour
Jewellery
 g - a ring of poison resistance (left hand)
 q - a ring of positive energy (right hand)
 r - a ring of wizardry
 y - a ring of protection from fire
 A - a ring of flight
Talismans
 c - a beast talisman (active)
 d - a flux talisman
Wands
 H - a wand of charming (9)
Scrolls
 f - 2 scrolls of teleportation {unknown}
 i - a scroll of vulnerability {unknown}
 k - a scroll of fog {unknown}
 p - a scroll of revelation {unknown}
 s - 2 scrolls of butterflies {unknown}
 w - 2 scrolls of immolation {unknown}
 C - 3 scrolls of identify {unknown}
 F - a scroll of amnesia {unknown}
Potions
 b - 2 potions of lignification
 h - a potion of berserk rage {unknown}
 j - a potion of mutation {unknown}
 l - 2 potions of ambrosia {unknown}
 m - 2 potions of curing {@q2}
 v - a potion of heal wounds {unknown}
 x - a potion of degeneration {unknown}
 B - 2 potions of invisibility {unknown}
 E - a potion of enlightenment {unknown}


   Skills:
 + Level 4.3 Fighting
 + Level 5.9 Dodging
 + Level 5.4 Unarmed Combat
 * Level 7.9 Shapeshifting


You had 6 spell levels left.
You knew the following spells:

 Your Spells              Type           Power      Damage    Failure   Level
a - Sting                 Conj/Alch      0%         1d3       58%         1

Your spell library contained the following spells:

 Spells                   Type           Power      Damage    Failure   Level
 Apportation              Tloc           0%         N/A       58%         1
 Foxfire                  Conj/Fire      0%         2x1d4     58%         1
 Necrotise                Necr           0%         1d4       58%         1
 Summon Small Mammal      Summ           0%         N/A       58%         1
 Jinxbite                 Hex            0%         N/A       73%         2
 Yara's Violent Unravell  Hex/Alch       0%         3d3       100%        5
 Plasma Beam              Fire/Air       0%         2x1d10    100%        6
 Starburst                Conj/Fire      0%         6d3       100%        6
 Enfeeble                 Hex            0%         N/A       100%        7


Dungeon Overview and Level Annotations

Branches:
Dungeon (6/15)             Temple (1/1) D:6

Altars:
Dithmenos
Elyvilon
Fedhas
Hepliaklqana
Kikubaaqudgha
Nemelex Xobeh
Qazlal
Ru
Trog
Uskayaw
Xom
The Shining One

Shops:
D:3 :

Annotations:
D:5 1 runed translucent door, Zeo's ghost, novice KoHu


Innate Abilities, Weirdness & Mutations

You are a hulking beast.
Your limbs bulge with bestial killing power. (Slay +4)
((You are very nimble when in or above water. (Stealth+, EV+, Speed+++)))
Your lower body shifts to a powerful aquatic tail in water.


Message History

The gnoll sergeant shouts!
The gnoll shouts!
You hear a shout!
A gnoll sergeant comes into view. It is wielding a +0 spear.
The gnoll hits you but does no damage.
A gnoll comes into view. It is wielding a +0 flail.
The gnoll shouts!
You hear a shout!
The gnoll hits you with a +0 spear.
The gnoll sergeant hits you but does no damage.
You punch the gnoll!
The gnoll is severely wounded.
The gnoll hits you with a +0 spear.
A gnoll comes into view. It is wielding a +0 halberd.
The gnoll sergeant hits you from afar with a +5 spear of venom.
The gnoll shouts!
You hit the gnoll but do no damage.
The gnoll is severely wounded.
You hear a shout!
The gnoll closely misses you.
A gnoll sergeant comes into view. It is wielding a +0 trident.
The gnoll sergeant hits you from afar with a +5 spear of venom.
You hit the gnoll.
The gnoll is almost dead.
The gnoll barely misses you.
The gnoll sergeant hits you from afar with a +5 spear of venom!
You punch the gnoll!
You kill the gnoll!
The gnoll sergeant hits you from afar with a +5 spear of venom!
Found a runed hand axe.
The gnoll sergeant hits you with a +5 spear of venom!
Things that are here:
a +0 spear; a gnoll corpse You hit the gnoll sergeant but do no damage.
The gnoll hits you from afar with a +0 halberd!
* * * LOW HITPOINT WARNING * * *
The gnoll sergeant hits you with a +5 spear of venom.
* * * LOW HITPOINT WARNING * * *
You hit the gnoll sergeant but do no damage.
The gnoll hits you from afar with a +0 halberd.
* * * LOW HITPOINT WARNING * * *
The gnoll sergeant hits you with a +5 spear of venom!
You die...

#....^.....#.##'#######
#####.................#
##.#.............###
####...............##
#.......###...#'#### )
#.##..........#.# ♣..
#.##....#####.### ♣....
#.##..........##♣♣g..♣..
#.##..########..hggg....
#.##...........#♣♣g...♣.
#.##.########### ♣.)..
..##'##.......##### ♣..
..............#...## .
..............#....##
..............#.....######
..............'..........#
............>.#..........#


You could see 3 gnoll sergeants and 2 gnolls.

Vanquished Creatures
  Sigmund (D:3)
  A water moccasin (D:5)
  A black bear (D:5)
  A phantom (D:4)
  A scorpion (D:5)
  The ghost of Arctor the Firebug, a weakling DEFE (D:3)
  A jelly (D:3)
  A gnoll bouda (D:6)
  3 orc priests (D:6)
  8 adders
  4 gnolls (D:6)
  A dart slug (D:3)
  2 ribbon worms
  10 orcs
  6 bats
  15 endoplasms
  5 giant cockroaches
  8 goblins
  6 hobgoblins
  9 jackals
  9 kobolds
  6 quokkas
  5 ball pythons
  3 frilled lizards (D:2)
  4 rats
112 creatures vanquished.

Notes
Turn   | Place    | Note
-------+----------+-------------------------------------------
     0 | D:1      | Edyrem the Merfolk Shapeshifter began the quest for the
                  | Orb.
     0 | D:1      | Reached XP level 1. HP: 15/15 MP: 1/1
   119 | D:1      | Reached XP level 2. HP: 21/21 MP: 2/2
   296 | D:1      | Reached XP level 3. HP: 23/26 MP: 3/3
   873 | D:2      | Reached XP level 4. HP: 20/33 MP: 4/4
   945 | D:2      | Reached skill level 5 in Shapeshifting
  1317 | D:2      | Found a faded altar of an unknown god.
  1410 | D:2      | Identified the +2 ring mail of Wuin Coe {rCorr SInv}
  1594 | D:3      | Reached XP level 5. HP: 31/39 MP: 5/5
  1708 | D:3      | Noticed Sigmund
  1725 | D:3      | Killed Sigmund
  1726 | D:3      | Reached skill level 6 in Shapeshifting
  1726 | D:3      | Reached XP level 6. HP: 22/47 MP: 6/6
  1830 | D:3      | Found Myar Kasy's Book Shoppe.
  1837 | D:3      | Found a runed translucent door.
  1846 | D:3      | Noticed Arctor's ghost (weakling DEFE)
  2493 | D:3      | Killed Arctor's ghost
  2902 | D:4      | Found a shimmering altar of Xom.
  2910 | D:4      | Reached XP level 7. HP: 48/52 MP: 7/7
  3045 | D:4      | Reached skill level 5 in Dodging
  3063 | D:4      | Found a white marble altar of Elyvilon.
  3149 | D:4      | Found a hide-covered altar of Uskayaw.
  3210 | D:5      | Entered Level 5 of the Dungeon
  3271 | D:5      | Learned a level 1 spell: Sting
  3285 | D:5      | Reached skill level 7 in Shapeshifting
  3341 | D:5      | Reached skill level 5 in Unarmed Combat
  3715 | D:5      | Found a runed translucent door.
  3715 | D:5      | Noticed Zeo's ghost (novice KoHu)
  3989 | D:6      | Found a staircase to the Ecumenical Temple.
  4016 | Temple   | Entered the Ecumenical Temple
  4314 | D:6      | Reached XP level 8. HP: 60/60 MP: 8/8
  4762 | D:6      | Slain by a gnoll sergeant

Illustrated notes

Levels and vault maps discovered:
D:1:      minmay_arrival_nine_rooms, layout_rooms, nicolae_figureground_pulse
D:2:      layout_loops_ring, hellmonk_ecumenical_altar_run_dry
D:3:      layout_loops_ring, serial_shops, shop, ebering_ghost_reflecting_pool,
          uniq_sigmund
D:4:      layout_basic, nicolae_uskayaw_suspiria, mainiacjoe_overflow_alcove_4,
          elyvilon_altar_5
D:5:      layout_basic, gammafunk_ghost_grave, hex_large,
          hangedman_abyss_or_decor_stagger
D:6:      layout_basic, minmay_temple_entry_large_hall,
          pf_guarded_unrand_woodcutter
Temple:   nicolae_temple_figure_zero

Skill      XL: |  1  2  3  4  5  6  7 |
---------------+----------------------+-----
Dodging        | 3 4 5 |  5.9
Fighting       | 2 3 4 |  4.3
Shapeshifting  | 5 6 7 |  7.9
Unarmed Combat | 4 5 |  5.4

Action                     |  1- 3 |  4- 6 |  7- 9 || total
---------------------------+-------+-------+-------++-------
  Melee: Unarmed           |   110 |   150 |    81 ||   341
         Punch             |     5 |     1 |     2 ||     8
   Fire: Orcbow            |       |       |     1 ||     1
Ability: Begin Untransform |     1 |       |       ||     1
    Use: Potion            |       |       |     1 ||     1
 Armour: Animal skin       |    11 |       |       ||    11
         Leather armour    |    35 |    12 |       ||    47
         Ring mail         |       |    68 |    64 ||   132
  Dodge: Dodged            |    74 |    82 |    45 ||   201
   Form: Beast             |     1 |       |       ||     1
